Map: Tours du crépuscule

Players

zidar - Winner!

  • Race: Zerg Zerg
  • League: Gold
  • Spawn Location: 7:00

Decus

  • Race: Terran Terran
  • Spawn Location: 1:00

VOD

Have the link to the VOD?

Description

Time

  • Played on: June 29, 2016, 12:49 p.m.
  • Length: 7:28
Show
View Real Time Build Order
Export as new Build Order

zidar Zerg - Winner!

Build Orders: Hatch First 

Get SALT Encoding   

  12  0:01  Drone  
  13  0:12  Overlord  
  13  0:17  Drone  
  14  0:30  Drone x2  
  16  0:52  Hatchery, Drone  
  16  0:56  Extractor  
  15  0:57  Drone  
  16  1:14  Spawning Pool  
  15  1:21  Drone  
  15  1:24  Drone  
  17  1:26  Drone  
  17  1:32  Drone  
  19  1:43  Overlord  
  19  2:01  Queen  
  19  2:04  Queen  
  19  2:07  Zergling x2  
  19  2:08  Zergling x2  
  25  2:14  Metabolic Boost  
  25  2:25  Drone x3  
  28  2:44  Roach Warren  
  27  2:45  Drone x3  
  27  2:47  Drone  
  31  3:22  Extractor, Drone  
  31  3:27  Drone x5  
  36  3:42  Overlord  
  36  3:43  Overlord x3  
  36  4:06  Roach x10  
  56  4:12  Pneumatized Carapace  
  53  4:24  Evolution Chamber  
  53  4:29  Evolution Chamber  
  48  4:59  Lair  
  48  5:01  Zerg Ground Armor Level 1  
  48  5:03  Roach  
  48  5:04  Roach x3  
  56  5:07  Drone x4  
  60  5:33  Ravager x2  
  57  6:04  Drone x3  
  60  6:14  Overlord x3  
  60  6:15  Overlord  
  60  6:27  Overlord x2  
  60  6:28  Overlord  
  60  6:36  Ravager x2  
  60  6:37  Ravager  
Show
View Real Time Build Order
Export as new Build Order

Decus Terran 

Build Orders: 1/1/1, Liberator Opening 

Get SALT Encoding   

  12  0:01  SCV  
  13  0:13  SCV  
  14  0:22  Supply Depot  
  14  0:25  SCV  
  15  0:34  Refinery  
  15  0:44  SCV  
  15  0:47  Barracks  
  16  0:56  SCV  
  17  1:06  Refinery  
  17  1:08  SCV  
  18  1:20  SCV  
  19  1:32  SCV  
  20  1:36  Factory  
  20  1:37  Marine  
  20  1:39  Supply Depot  
  21  2:05  SCV  
  22  2:14  Marine, Supply Depot  
  23  2:17  SCV  
  23  2:19  Factory Reactor  
  24  2:27  Starport  
  24  2:29  SCV  
  25  2:32  Marine  
  26  2:41  SCV  
  27  2:54  Supply Depot  
  27  2:57  Hellion x2  
  31  3:03  Orbital Command  
  31  3:11  Starport Reactor  
  31  3:18  Hellion  
  33  3:21  Hellion  
  33  3:26  Marine  
  36  3:44  Marine  
  37  3:50  Liberator  
  41  3:59  Widow Mine x2  
  41  4:01  Supply Depot  
  41  4:09  Barracks Reactor  
  44  4:24  Supply Depot  
  36  4:49  Marine x2  
  38  5:00  Barracks  
  38  5:02  Command Center  
  38  5:03  SCV  
  39  5:14  Marine x2, Engineering Bay  
  39  5:21  Factory Tech Lab  
  41  5:39  Marine x2  
  43  5:44  Siege Tank  
  46  5:52  Supply Depot  
  46  5:55  Medivac  
  46  5:56  Barracks Tech Lab  
  48  5:57  Marine x2  
  47  6:13  Barracks  
  47  6:16  Marine x2  
  49  6:19  Medivac  
  51  6:42  Marine  
  51  6:43  Marine x2  
  55  6:47  SCV  
  49  7:00  Marine  
  40  7:01  Marine x2  
  40  7:14  Barracks Reactor  
Tags
 
Add a new tag
Caveats
  • Supply blocks, unpowered buildings, or Contaminate may cause inaccurate times.
  • Supply counts are checked every 10 seconds.